 Dungeon Crawl Stone Soup version 0.29.0-13-gc9e81de378 (webtiles) character file.

Game seed: 7124042664861136638

10 Vulpanium the Trooper (level 2, -3/26 HPs)
             Began as a Draconian Chaos Knight on Sept 7, 2022.
             Was a Plaything of Xom.
             Slain by a shock serpent (glowing shapeshifter) (13 damage)
             ... on level 1 of the Dungeon.
             The game lasted 00:01:07 (189 turns).

Vulpanium the Trooper (Draconian Chaos Knight)       Turns: 189, Time: 00:01:07

Health: -3/26      AC:  4    Str: 14    XL:     2   Next: 10%
Magic:  2/2        EV: 12    Int: 12    God:    Xom [..*...]
Gold:   32         SH:  0    Dex: 10    Spells: 1/1 levels left

rFire   . . .      SeeInvis .   a - +0 spear (chaos)
rCold   . . .      Faith    .   (no shield)
rNeg    . . .      Spirit   .   (body armour unavailable)
rPois   .          Reflect  .   (helmet restricted)
rElec   .          Harm     .   (no cloak)
rCorr   .          Rampage  .   (no gloves)
Will    .....                   (no boots)
Stlth   +.........              (no amulet)
HPRegen 0.08/turn               (no ring)
MPRegen 0.08/turn               (no ring)

@: slowed, very slow
A: AC +4, unfitting armour, cold-blooded
a: Renounce Religion


You were on level 1 of the Dungeon.
You worshipped Xom.
You were a toy of Xom.
You visited 1 branch of the dungeon, and saw 1 of its levels.

You collected 32 gold pieces.

Inventory:

Hand Weapons
 a - a +0 spear of chaos (weapon)
Armour
 d - a +0 leather armour
Potions
 c - a potion of haste {unknown}
 e - a potion of heal wounds {unknown}
Miscellaneous
 b - a piece from Xom's chessboard (15/15) (quivered)


   Skills:
 + Level 3.6 Fighting
 + Level 3.2 Polearms
 + Level 2.2 Dodging


You had one spell level left.
You didn't know any spells.
Your spell library was empty.

Dungeon Overview and Level Annotations

Branches:
Dungeon (1/15)

Altars:


Innate Abilities, Weirdness & Mutations

Your plain brown scales are hard. (AC +4)
You cannot fit into any form of body armour.
You are cold-blooded and may be slowed by cold attacks.


Message History

A goblin comes into view. It is wielding a +0 club.
The goblin shouts!
The goblin hits you but does no damage.
You closely miss the goblin. The goblin barely misses you.
You hit the goblin.
The goblin is severely wounded.
The goblin hits you with a +0 club.
You barely miss the goblin.
Your tail-slap misses the goblin.
The goblin is severely wounded.
The goblin closely misses you.
You closely miss the goblin.
Your tail-slap misses the goblin.
The goblin is severely wounded.
The goblin hits you but does no damage.
You hit the goblin.
You kill the goblin!
You see here a +0 club.
Found a whip.
An endoplasm comes into view.
The endoplasm quivers.
An endoplasm is nearby!
You hit the endoplasm.
The endoplasm is moderately wounded.
The endoplasm freezes you.
You are frozen.
You feel yourself slow down.
You hit the endoplasm.
The endoplasm changes into a glowing shapeshifter!
Xom thinks this is hilarious!
The glowing shapeshifter changes into a glowing orange brain!
You hit the glowing orange brain but do no damage.
The glowing orange brain seems to grow stronger.
The glowing orange brain changes into a shock serpent!
You hit the shock serpent.
The shock serpent is lightly wounded.
The shock serpent barely misses you.
You closely miss the shock serpent.
The shock serpent is lightly wounded.
The shock serpent bites you! The shock serpent shocks you!
Ouch! That really hurt!
You die...
Xom guffaws!

..........####.
##.#####.#.......
..# #......... #
#.# #.#######.
#..#.##.#####.#
#.......).....#
###.###.#######
#.#########
##.##.@S...#
##...#.####.#
#.............
#....#.####..#
#.#......
..)#........
#...........##
#####.......#
#.....#.#


You could see a shock serpent shaped shifter.

Vanquished Creatures
  2 bats (D:1)
  A goblin (D:1)
  2 jackals (D:1)
  A kobold (D:1)
  A ball python (D:1)
  A frilled lizard (D:1)
  A rat (D:1)
9 creatures vanquished.

Notes
Turn   | Place    | Note
-------+----------+-------------------------------------------
     0 | D:1      | Vulpanium the Draconian Chaos Knight began the quest for
                  | the Orb.
     0 | D:1      | Reached XP level 1. HP: 19/19 MP: 1/1
   138 | D:1      | Reached XP level 2. HP: 26/26 MP: 2/2
   186 | D:1      | Noticed a glowing shapeshifter
   186 | D:1      | an endoplasm changed into a glowing shapeshifter
   186 | D:1      | Noticed a glowing orange brain
   186 | D:1      | a glowing shapeshifter changed into a glowing orange brain
   187 | D:1      | Noticed a shock serpent
   187 | D:1      | a glowing orange brain changed into a shock serpent
   189 | D:1      | Slain by a shock serpent (glowing shapeshifter)

Illustrated notes

Levels and vault maps discovered:
D:1:      nicolae_arrival_washed_ashore, layout_loops_ring,
          hangedman_decor_growths

Action                   || total
-------------------------++-------
Melee: Spear             ||    27
       Tailslap          ||     1
Armor: Skin              ||     7
Dodge: Dodged            ||    15
